 Dungeon Crawl Stone Soup version 0.30-a0-528-g8c47a4955b (webtiles) character file.

Game seed: 11830601798162869961

0 drugrobin the Sneak (level 1, -1/18 HPs)
             Began as a Demigod Delver on Dec 23, 2022.
             Slain by an adder (3 damage)
             ... on level 3 of the Dungeon.
             The game lasted 00:01:03 (86 turns).

drugrobin the Sneak (Demigod Delver)                  Turns: 86, Time: 00:01:04

Health: -1/18      AC:  3    Str: 13    XL:     1   Next: 0%
Magic:  3/3        EV: 11    Int: 12    God:
Gold:   0          SH:  0    Dex: 15    Spells: 0/0 levels left

rFire   . . .      SeeInvis .    a - +0 mace
rCold   . . .      Faith    .    (no shield)
rNeg    . . .      Spirit   .    b - +0 leather armour
rPois   .          Reflect  .    (no helmet)
rElec   .          Harm     .    (no cloak)
rCorr   .          Rampage  .    (no gloves)
Will    .....                    (no boots)
Stlth   +++                      (no amulet)
HPRegen 0.23/turn                (no ring)
MPRegen 0.08/turn                (no ring)

@: no status effects
A: high MP 1, forlorn, divine attributes
a: no special abilities


You were on level 3 of the Dungeon.
You visited 1 branch of the dungeon, and saw 3 of its levels.

Inventory:

Hand Weapons
 a - a +0 mace (weapon)
 h - a +1 great mace of protection
Armour
 b - a +0 leather armour (worn)
Wands
 g - a wand of digging (3)
Scrolls
 c - a scroll of fog
 d - a scroll of identify {unknown}


   Skills:
 - Level 2.6 Fighting
 + Level 1.7 Maces & Flails
 - Level 1.7 Dodging
 - Level 4.5 Stealth


You couldn't memorise any spells.
You didn't know any spells.
Your spell library was empty.

Dungeon Overview and Level Annotations

Branches:
Dungeon (5/15)             Temple (0/1) D:5


Innate Abilities, Weirdness & Mutations

You have an increased reservoir of magic. (+10% MP)
You shall have no god before yourself.
Your divine heritage dramatically boosts your attributes as you level up.


Message History

* * * LOW HITPOINT WARNING * * *
Unknown command.
Unknown command.
Unknown command.
You closely miss the adder.
The adder is lightly wounded.
You feel sick. The adder barely misses you.
The adder bites you but does no damage.
Unknown command.
Unknown command.
Unknown command.
You miss the adder.
The adder is lightly wounded.
You feel sick.
You are no longer poisoned.
The adder barely misses you. The adder bites you.
* * * LOW HITPOINT WARNING * * *
Unknown command.
Unknown command.
Unknown command.
Unknown command.
You sock the adder!
Your weapon exudes an aura of protection.
The adder is almost dead.
The adder bites you but does no damage. x2
Unknown command.
Unknown command.
Unknown command.
Unknown command.
Unknown command.
Okay, then.
Okay, then.
You aren't carrying any potions.
Unknown command.
Unknown command.
Unknown command.
Your +1 great mace of protection goes still.
a - a +0 mace (weapon)
The adder bites you.
You die...

####..###.
........ # .......
.. ..... ... ....
... ..# ### # ..
#.###.. ..
#.###J..#.####.# #
#..@SSl.#........
######..#.#.##.###
#............
##.J...##.##
####l_##..#
###..#..#
#.......#
#.##....#
...#.....#


You could see an adder, an endoplasm, a ball python and a frilled lizard.

Vanquished Creatures (others)
  A plant (D:3)
1 creature vanquished.

Notes
Turn   | Place    | Note
-------+----------+-------------------------------------------
     0 | D:5      | drugrobin the Demigod Delver began the quest for the Orb.
     0 | D:5      | Reached XP level 1. HP: 18/18 MP: 3/3
     2 | D:5      | Noticed a black bear
    25 | D:5      | Noticed a black bear
    86 | D:3      | Slain by an adder

Illustrated notes

Levels and vault maps discovered:
D:3:      minmay_diamond_boxcup, layout_basic,
          mainiacjoe_overflow_large_starburst, basic_ecumenical_altar,
          serial_bayou_lagoon_b
D:4:      layout_cave_pools, nicolae_sif_muna_little_library,
          mainiacjoe_overflow_concentric_impassable
D:5:      layout_rooms, minmay_temple_entry_antechambers

Action                   || total
-------------------------++-------
Melee: Great mace        ||     8
  Use: Scroll            ||     2
       Potion            ||     1
 Stab: Sleeping          ||     1
Armor: Leather armour    ||     8
Dodge: Dodged            ||     7

Table legend: (Time is in decaauts)
 A = Elapsed time spent in this place.
 B = Non-inter-level travel time spent in this place.
 C = Inter-level travel time spent in this place.
 D = Time resting spent in this place.
 E = Time spent auto-exploring this place.
 F = Levels seen in this place.
 G = Mean time per level.
                   A        B        C        D        E       F      G
               +--------+--------+--------+--------+--------+-----+--------+
         Total |     74 |     74 |      0 |      0 |      0 |   3 |   24.7 |
       Dungeon |     74 |     74 |      0 |      0 |      0 |   3 |   24.7 |
               +--------+--------+--------+--------+--------+-----+--------+

Top non-repeatable levels by time:
     D:5: 37 daAuts
     D:3: 33 daAuts
     D:4: 3 daAuts
